 Dungeon Crawl Stone Soup version 0.29-a0-334-gb41bcbb86e (webtiles) character file.

Game seed: 7559393554525931579

67 spaghetti the Magician (level 3, -4/26 HPs)
             Began as a Demigod Earth Elementalist on Apr 14, 2022.
             Slain by a gnoll
             ... wielding a +0 flail
              (9 damage)
             ... on level 3 of the Dungeon.
             The game lasted 00:03:12 (2398 turns).

spaghetti the Magician (Demigod Earth Elementalist) Turns: 2398, Time: 00:03:13

Health: -4/26      AC: 11    Str: 13 (15) XL:     3   Next: 70%
Magic:  10/10      EV:  5    Int: 23 (24) God:
Gold:   71         SH:  0    Dex: 11 (14) Spells: 2/8 levels left

rFire   . . .      SeeInvis .   e - +0 whip {mace}
rCold   + . .      Faith    .   (no shield)
rNeg    . . .      Spirit   .   u - +2 chain mail of Dogmatism {rC+ Int+3}
rPois   .          Reflect  .   v - +0 helmet
rElec   .          Harm     .   (no cloak)
rCorr   .          Rampage  .   (no gloves)
Will    +....                   (no boots)
Stlth   ..........              (no amulet)
HPRegen 0.08/turn               i - +6 ring of strength
MPRegen 0.12/turn               m - ring of willpower

@: no status effects
A: high MP 1, forlorn, divine attributes
a: no special abilities


You were on level 3 of the Dungeon.
You visited 1 branch of the dungeon, and saw 3 of its levels.

You collected 71 gold pieces.


Innate Abilities, Weirdness & Mutations

You have an increased reservoir of magic. (+10% MP)
You shall have no god before yourself.
Your divine heritage dramatically boosts your attributes as you level up.


   Skills:
 - Level 1.7 Dodging
 - Level 1.7 Stealth
 - Level 3.0 Spellcasting
 * Level 1.5 Conjurations
 - Level 0.8 Transmutations
 + Level 3.0 Earth Magic


You had 2 spell levels left.
You knew the following spells:

 Your Spells              Type           Power      Damage    Failure   Level
a - Sandblast             Erth           34%        2d9       77%         1
b - Passwall              Tmut/Erth      10%        N/A       96%         2
c - Stone Arrow           Conj/Erth      28%        3d8       99%         3

Your spell library contained the following spells:

 Spells                   Type           Power      Damage    Failure   Level
 Petrify                  Tmut/Erth      12%        N/A       100%        4

Inventory:

Hand Weapons
 e - a +0 whip (weapon) {mace}
   (You took it off a kobold on level 1 of the Dungeon)
 p - a +1 mace of holy wrath {mace}
   (You found it on level 2 of the Dungeon)
Missiles
 a - 42 stones (quivered) {throwing}
Armour
 b - a +0 robe
 u - the +2 chain mail of Dogmatism (worn) {rC+ Int+3}
   (You found it on level 2 of the Dungeon)

   Int:       It affects your intelligence (+3).
   rC:        It protects you from cold.
 v - a +0 helmet (worn)
   (You found it on level 2 of the Dungeon)
Jewellery
 i - a +6 ring of strength (left hand)
   (You found it on level 1 of the Dungeon)
 k - a ring of fire
   (You found it on level 1 of the Dungeon)
 m - a ring of willpower (right hand)
   (You found it on level 1 of the Dungeon)
Scrolls
 d - 3 scrolls of amnesia
 f - 3 scrolls of noise {unknown}
 g - a scroll of fog {unknown}
 h - 2 scrolls of magic mapping {unknown}
 l - 3 scrolls of vulnerability {unknown}
 o - a scroll of enchant weapon {unknown}
 q - a scroll of identify {unknown}
 r - a scroll of teleportation {unknown}
Potions
 c - 2 potions of magic
 n - a potion of curing {unknown}
 s - a potion of heal wounds {unknown}
 t - a potion of might {unknown}

Dungeon Overview and Level Annotations

Branches:
Dungeon (3/15)

####### ((.....
..(.(..##########
.....g...........
.......#@....###
.......g.....'.##
#+######.....#..#
#.....##.#
########.# . #.#
....####.####
............#
....####.##.# ###


You could see 2 gnolls.


Message History

An endoplasm comes into view.
Found a stone staircase leading down.
Casting: Sandblast (safe; 63% risk of failure)
Confirm with . or Enter, or press ? or * to list all spells.
The spell is extremely dangerous to miscast (88% risk of failure)!
Continue anyway? [Y]es or [N]o only, please.
The spell is extremely dangerous to miscast (88% risk of failure)!
Continue anyway?
Okay, then.
Casting: Passwall (extremely dangerous; 88% risk of failure)
Confirm with . or Enter, or press ? or * to list all spells.
Aiming: Sandblast (safe; 63% risk of failure)
Press: ? - help, Shift-Dir - straight line, f - endoplasm
Aim: an endoplasm (98% to hit)
The blast of sand hits the endoplasm.
a - 48 stones {throwing} 😎 MP[-1]
You lost 1 mp, and now have 9/10 mp.
Casting: Sandblast (safe; 63% risk of failure)
Confirm with . or Enter, or press ? or * to list all spells.
Aiming: Sandblast (safe; 63% risk of failure)
Press: ? - help, Shift-Dir - straight line, f/p - endoplasm
Aim: an endoplasm (almost dead, 98% to hit)
The blast of sand hits the endoplasm.
You kill the endoplasm!
a - 47 stones {throwing} 😎 MP[-1]
You lost 1 mp, and now have 8/10 mp.
Key pressed, stopping explore.
You open the door.
A quokka comes into view.
The quokka moves out of view. 😎 MP[+2]
Your mp is fully restored (10).
A quokka is nearby!
You throw a stone {throwing}.
The stone {throwing} closely misses the quokka.
You throw a stone {throwing}.
The stone {throwing} barely misses the quokka.
You hit the quokka. The quokka barely misses you.
You hit the quokka.
You kill the quokka!
No target in view!
No target in view!
No target in view!
No target in view!
No target in view!
No target in view!
No target in view!
No target in view!
No target in view!
No target in view!
No target in view!
No target in view!
No target in view!
No target in view!
No target in view!
No target in view!
There is an open door here.
a - 46 stones {throwing} (gained 1)
a - 47 stones {throwing} (gained 1)
You open the door.
A gnoll comes into view. It is wielding a +0 flail.
The gnoll shouts!
You hear a shout!
A gnoll comes into view. It is wielding a +0 spear.
A gnoll comes into view. It is wielding a +0 halberd.
There is an open door here.
There are monsters nearby!
There are monsters nearby!
There are monsters nearby!
Okay, then.
Unknown command.
You throw a stone {throwing}.
The stone {throwing} closely misses the gnoll.
The gnoll shouts!
You throw a stone {throwing}. The stone {throwing} hits the gnoll.
A gnoll comes into view. It is wielding a +0 spear.
You throw a stone {throwing}.
The stone {throwing} barely misses the gnoll.
The gnoll shouts!
You throw a stone {throwing}. The stone {throwing} hits the gnoll.
You throw a stone {throwing}.
The stone {throwing} hits the gnoll but does no damage.
You closely miss the gnoll. The gnoll hits you but does no damage.
The gnoll hits you from afar with a +0 spear.
The gnoll hits you from afar with a +0 halberd! x2
* * * LOW HITPOINT WARNING * * *
The gnoll completely misses you. The gnoll hits you with a +0 flail.
* * * LOW HITPOINT WARNING * * *
You are too injured to fight recklessly!
You are too injured to fight recklessly!
You are too injured to fight recklessly!
You are too injured to fight recklessly! 😱 HP[-22]
You take 22 damage, and now have 4/26 hp.
MASSIVE DAMAGE!! (PAUSE) It was a potion of degeneration.
There was something very wrong with that liquid.
You feel weakened.
You feel dopey.
You feel clumsy. The gnoll hits you with a +0 flail!
You die...

Skill      XL: |  1  2  3 |
---------------+----------+-----
Spellcasting   | 2 3 |  3.0
Earth Magic    | 3 |  3.0
Conjurations   | 1 |  1.5
Dodging        | |  1.7
Stealth        | |  1.7
Transmutations | |  0.8

Action                   || total
-------------------------++-------
Melee: Whip              ||    42
       Unarmed           ||     1
Throw: Stone             ||    73
 Cast: Sandblast         ||    43
  Use: Scroll            ||     1
       Potion            ||     1
Armor: Robe              ||    15
       Chain mail        ||     1
Dodge: Dodged            ||    37

Levels and vault maps discovered:
D:1:      evilmike_arrival_hilbert_curve, layout_basic,
          ebering_ecumenical_altar_sacrificial, amethyst_killhole
D:2:      layout_rooms, minmay_misc_feat_pillars
D:3:      layout_basic, gammafunk_temple_overflow_elements, lemuel_tele_altar,
          minivault_4, minmay_shallow_snake_nest, uniq_pargi, uniq_ijyb

Notes
Turn   | Place    | Note
-------+----------+-------------------------------------------
     0 | D:1      | spaghetti the Demigod Earth Elementalist began the quest
                  | for the Orb.
     0 | D:1      | Reached XP level 1. HP: 14/14 MP: 5/5
     0 | D:1      | magus.rc [v1.9.6]
   119 | D:1      | Reached skill level 2 in Spellcasting
   562 | D:1      | Reached XP level 2. HP: 20/20 MP: 2/8
   954 | D:1      | Learned a level 2 spell: Passwall
  1388 | D:2      | Reached skill level 3 in Spellcasting
  1395 | D:2      | Reached skill level 3 in Earth Magic
  1395 | D:2      | Reached XP level 3. HP: 23/26 MP: 1/10
  1400 | D:2      | Learned a level 3 spell: Stone Arrow
  1555 | D:2      | Reached skill level 1 in Conjurations
  2113 | D:2      | Identified the +2 chain mail of Dogmatism {rC+ Int+3}
  2396 | D:3      | HP: 5/26 [gnoll/+0 halberd (9)]
  2398 | D:3      | Slain by a gnoll

Vanquished Creatures
  2 adders (D:2)
  A worm (D:2)
  A dart slug (D:2)
  6 endoplasms
  4 giant cockroaches
  3 goblins
  A hobgoblin (D:1)
  6 jackals
  3 kobolds
  2 quokkas
  3 ball pythons
  4 bats
  A frilled lizard (D:1)
  A rat (D:1)
38 creatures vanquished.

Table legend:
 A = Non-vault XP
 B = Vault XP
 C = Vault XP percentage of total XP
 D = Non-vault monster count
 E = Vault monster count
 F = Vault count percentage of total count
                 A         B        C        D         E       F
            +---------+---------+-------+---------+---------+-------
      Total |      96 |       0 |   0.0 |      38 |       0 |   0.0
            +---------+---------+-------+---------+---------+-------
        D:1 |      32 |       0 |   0.0 |      18 |       0 |   0.0
        D:2 |      60 |       0 |   0.0 |      18 |       0 |   0.0
        D:3 |       4 |       0 |   0.0 |       2 |       0 |   0.0
            +---------+---------+-------+---------+---------+-------

Illustrated notes

Table legend:
 A = Kills in this place as a percentage of kills in entire the game.
 B = Kills by you in this place as a percentage of kills by you in the entire game.
 C = Kills by friends in this place as a percentage of kills by friends in the entire game.
 D = Other kills in this place as a percentage of other kills in the entire game.
 E = Experience gained in this place as a percentage of experience gained in the entire game.
 F = Experience gained in this place divided by the number of levels of this place that you have seen.
                   A       B       C       D       E      F
               +-------+-------+-------+-------+-------+----------------------
         Total | 100.0 | 100.0 |   N/A |   N/A | 100.0 |  32.0
       Dungeon | 100.0 | 100.0 |   N/A |   N/A | 100.0 |  32.0
               +-------+-------+-------+-------+-------+----------------------

Table legend: (Time is in decaauts)
 A = Elapsed time spent in this place.
 B = Non-inter-level travel time spent in this place.
 C = Inter-level travel time spent in this place.
 D = Time resting spent in this place.
 E = Time spent auto-exploring this place.
 F = Levels seen in this place.
 G = Mean time per level.
                   A        B        C        D        E       F      G
               +--------+--------+--------+--------+--------+-----+--------+
         Total |   2407 |   2392 |     15 |     16 |   2085 |   3 |  802.3 |
       Dungeon |   2407 |   2392 |     15 |     16 |   2085 |   3 |  802.3 |
               +--------+--------+--------+--------+--------+-----+--------+

Top non-repeatable levels by time:
     D:1: 1290 daAuts
     D:2: 956 daAuts
     D:3: 160 daAuts
